 Dungeon Crawl Stone Soup version 0.20.0-14-g326068f (webtiles) character file.

743 Darkell the Ruffian (level 7, -2/71 HPs)
             Began as a Troll Monk on June 9, 2017.
             Slain by a worker ant (7 damage)
             ... on level 6 of the Dungeon.
             The game lasted 00:05:02 (4698 turns).

Darkell the Ruffian (Troll Monk)                    Turns: 4698, Time: 00:05:03

Health: -2/71      AC:  6    Str: 24 (26) XL:     7   Next: 47%
Magic:  6/6        EV: 11    Int:  9 (11) God:
Gold:   305        SH:  0    Dex: 11 (13) Spells: 4/6 levels left

rFire    . . .     SeeInvis +     - Unarmed
rCold    . . .     Gourm    +   (no shield)
rNeg     . . .     Faith    .   a - +0 robe
rPois    .         Spirit   .   (helmet restricted)
rElec    .         Reflect  .   o - +0 cloak
rCorr    .         Harm     .   (gloves unavailable)
MR       .....                  (boots unavailable)
Stlth    +.........             (no amulet)
Regen    1.1/turn               h - +3 ring of strength
MPRegen  0.1/turn               t - ring of see invisible

@: brilliant, very slightly contaminated, glowing, invisible (but backlit and
visible)
A: unfitting armour, claws 3, fast metabolism 3, gourmand, sense surroundings 1,
regeneration 2, shaggy fur 1, strong 1, tough skin 2
a: no special abilities


You were on level 6 of the Dungeon.
You were not hungry.

You visited 1 branch of the dungeon, and saw 6 of its levels.

You collected 305 gold pieces.

Inventory:

Armour
 a - a +0 robe (worn)
 o - a +0 cloak (worn)
Jewellery
 h - a +3 ring of strength (left claw)
 s - an uncursed ring of fire
 t - a ring of see invisible (right claw)
 B - an uncursed ring of fire
Wands
 w - a wand of random effects (23/48)
 z - a wand of lightning (5/15)
 A - a wand of digging (18/24)
Scrolls
 d - 2 scrolls of fog {unknown}
 e - 3 scrolls of identify {unknown}
 i - a scroll of recharging {unknown}
 l - 4 scrolls of magic mapping {unknown}
 m - 6 scrolls of fear {unknown}
 n - 2 scrolls of remove curse {unknown}
 q - a scroll of teleportation {unknown}
 r - 3 scrolls of amnesia {unknown}
 v - a scroll of random uselessness {unknown}
 y - a scroll of blinking {unknown}
 C - a scroll of immolation {unknown}
Potions
 f - 2 potions of degeneration
 p - a potion of curing
 u - a potion of ambrosia
Books
 D - a book of Minor Magic

   Spells                             Type                      Level
   a - Magic Dart                     Conjuration                  1
   b - Blink                          Translocation                2
   c - Call Imp                       Summoning                    2
   d - Slow                           Hexes                        2
   e - Conjure Flame                  Conjuration/Fire             3
   f - Mephitic Cloud                 Conjuration/Poison/Air       3
Comestibles
 b - 5 bread rations
 j - 4 meat rations
 k - 4 royal jellies


   Skills:
 + Level 4.7 Fighting
 + Level 4.5 Dodging
 - Level 1.0 Stealth
 + Level 5.5 Unarmed Combat
 * Level 0.1 Spellcasting
 * Level 0.2 Translocations


You had 4 spell levels left.
You knew the following spells:

 Your Spells              Type           Power        Failure   Level  Hunger
a - Blink                 Tloc           N/A          7%          2    ###....


Dungeon Overview and Level Annotations

Branches:
Dungeon (6/15)
 Temple: D:4-7

Altars:
Ashenzari
Fedhas
Gozag
Makhleb
Nemelex Xobeh
Qazlal
Ru
Uskayaw
Vehumet
Xom
Yredelemnul
Zin
The Shining One

Shops:
D:5 (

Annotations:
D:6 Duvessa


Innate Abilities, Weirdness & Mutations

You are too large for most types of armour.
You have claws for hands.
Your metabolism is lightning-fast.
You like to eat raw meat.
You heal very quickly.
You are covered in fur. (AC +1)
You have very tough skin. (AC +2)
You passively map a small area around you.
Your muscles are strong. (Str +2)


Message History

The worker ant barely misses you.
You barely miss Duvessa.
Duvessa is heavily wounded.
Duvessa closely misses you. The adder skeleton closely misses you.
The worker ant bites you. Duvessa misses you.
You claw Duvessa!
Duvessa is severely wounded.
The adder skeleton bites you. The worker ant barely misses you.
Duvessa hits you with a short sword!
* * * LOW HITPOINT WARNING * * *
You claw Duvessa!
Duvessa is almost dead.
Duvessa hits you but does no damage. The adder skeleton closely misses you.
The worker ant barely misses you.
You closely miss Duvessa. You claw Duvessa.
Duvessa is almost dead.
Duvessa hits you with a short sword!
* * * LOW HITPOINT WARNING * * *
The worker ant bites you!
You die...

#.# #.# #.# #.# #.#
#.### #.#
###...##### #.#
#.........# , #.#
#.##...##%#
#.#######.........#
*
#..........eZ.....#
#########..@a....<#
, #.##)...........
#.##......##....
#.........# *.##
#######..... ,
#######


You could see Duvessa (berserk), a worker ant and an adder skeleton.

Vanquished Creatures
  A sky beast (D:5)
  Dowan (D:6)
  A howler monkey (D:5)
  A crimson imp (D:5)
  A quasit (D:5)
  A bullfrog zombie (D:4)
  2 orc priests
  Terence (D:3)
  2 orc wizards (D:5)
  A worker ant (D:5)
  2 hound zombies (D:4)
  2 worker ant zombies (D:4)
  8 gnolls
  7 adders
  2 oozes
  A worm (D:3)
  A dart slug (D:3)
  5 leopard geckos
  7 orcs
  5 giant cockroaches
  5 goblins (D:1)
  9 hobgoblins
  5 jackals
  3 quokkas
  2 ball pythons
  9 bats
  4 frilled lizards
  A giant cockroach zombie (D:4)
  4 jackal skeletons
  9 kobolds
  A quokka zombie (D:4)
  11 rats
115 creatures vanquished.

Notes
Turn   | Place    | Note
-------+----------+-------------------------------------------
     0 | D:1      | Darkell the Troll Monk began the quest for the Orb.
     0 | D:1      | Reached XP level 1. HP: 22/22 MP: 0/0
   161 | D:1      | Reached XP level 2. HP: 29/29 MP: 1/1
   643 | D:1      | Reached XP level 3. HP: 31/36 MP: 2/2
   940 | D:2      | Found a basalt altar of Yredelemnul.
  1250 | D:2      | Reached XP level 4. HP: 41/45 MP: 3/3
  1473 | D:2      | Found a glowing golden altar of the Shining One.
  1661 | D:2      | Noticed a bullfrog
  1752 | D:3      | Reached skill level 4 in Unarmed Combat
  1910 | D:3      | Noticed an angel
  1912 | D:3      | Found a glowing silver altar of Zin.
  1913 | D:3      | Found a shimmering altar of Xom.
  1987 | D:3      | Reached XP level 5. HP: 53/53 MP: 4/4
  2034 | D:3      | Found a faded altar of an unknown god.
  2197 | D:3      | Noticed Terence
  2218 | D:3      | Killed Terence
  2571 | D:3      | Found a sacrificial altar of Ru.
  2841 | D:4      | Reached XP level 6. HP: 56/62 MP: 5/5
  3025 | D:4      | Found a sparkling altar of Nemelex Xobeh.
  3302 | D:5      | Entered Level 5 of the Dungeon
  3312 | D:5      | Found a blossoming altar of Fedhas.
  3390 | D:5      | Found a stormy altar of Qazlal.
  3402 | D:5      | Reached skill level 5 in Unarmed Combat
  3550 | D:5      | Noticed a sky beast
  3571 | D:5      | Killed a sky beast
  3571 | D:5      | Reached XP level 7. HP: 31/71 MP: 6/6
  3675 | D:5      | Found Diles's Antique Weapon Shoppe.
  4299 | D:5      | Found an opulent altar of Gozag.
  4301 | D:5      | Found a hide-covered altar of Uskayaw.
  4315 | D:5      | Found a radiant altar of Vehumet.
  4322 | D:5      | Found a shattered altar of Ashenzari.
  4583 | D:6      | Learned a level 2 spell: Blink
  4626 | D:6      | Found a burning altar of Makhleb.
  4626 | D:6      | Noticed a cacodemon
  4629 | D:6      | Noticed a neqoxec
  4629 | D:6      | Noticed a hellwing
  4662 | D:6      | Noticed Dowan
  4666 | D:6      | Noticed Duvessa
  4686 | D:6      | Gained mutation: You heal very quickly. [potion of mutation]
  4686 | D:6      | Gained mutation: Your muscles are strong. (Str +2) [potion of mutation]
  4686 | D:6      | Gained mutation: You passively map a small area around you. [potion of mutation]
  4691 | D:6      | Killed Dowan
  4698 | D:6      | Slain by a worker ant

Skill      XL: |  1  2  3  4  5  6 |
---------------+-------------------+-----
Dodging        | 3 4 |  4.5
Fighting       | 3 4 |  4.7
Unarmed Combat | 4 5 |  5.5
Stealth        | |  1.0
Spellcasting   | |  0.1
Translocations | |  0.2

Action                   |  1- 3 |  4- 6 |  7- 9 || total
-------------------------+-------+-------+-------++-------
Melee: Unarmed           |    87 |   178 |    54 ||   319
       Punch             |       |     3 |     3 ||     6
  Use: Potion            |       |       |     6 ||     6
 Stab: Sleeping          |     7 |       |       ||     7
  Eat: Chunk             |    16 |    21 |     7 ||    44
Armor: Robe              |    29 |    53 |    31 ||   113
Dodge: Dodged            |    38 |   104 |    47 ||   189
